 Dungeon Crawl Stone Soup version 0.25-b1-23-ge2ad7d536c (webtiles) character file.

Game seed: 6495211988852776641, levelgen mode: deterministic

974 Arum the Skirmisher (level 8, 0/65 HPs)
             Began as a Formicid Fighter on June 1, 2020.
             Was a Believer of Okawaru.
             Succumbed to a water moccasin's poison
             ... on level 5 of the Dungeon.
             The game lasted 00:06:04 (5521 turns).

Arum the Skirmisher (Formicid Fighter)              Turns: 5521, Time: 00:06:05

Health: 0/65       AC:  7    Str: 19 (20) XL:     8   Next: 39%
Magic:  8/8        EV:  9    Int:  8 (9)  God:    Okawaru [**....]
Gold:   242        SH:  4    Dex:  9 (12) Spells: 7/7 levels left

rFire    . . .     SeeInvis +   a - +0 quarterstaff
rCold    . . .     Gourm    .   v - +0 buckler
rNeg     . . .     Faith    .   b - +0 scale mail
rPois    .         Spirit   .   (helmet unavailable)
rElec    .         Reflect  .   (no cloak)
rCorr    .         Harm     .   (no gloves)
MR       .....                  (no boots)
Stlth    ..........             i - amulet of inaccuracy (curse)
HPRegen  0.20/turn              (no ring)
MPRegen  0.11/turn              (no ring)

@: lethally poisoned (0 -> -1), stab
A: permanent stasis, dig shafts and tunnels, four strong arms, antennae 3
a: Dig, Shaft Self, Heroism, Renounce Religion


You were on level 5 of the Dungeon.
You worshipped Okawaru.
Okawaru was pleased with you.
You were not hungry.

You visited 1 branch of the dungeon, and saw 5 of its levels.

You collected 242 gold pieces.

Inventory:

Hand Weapons
 a - a +0 quarterstaff (weapon)
Armour
 b - a +0 scale mail (worn)
 c - a +0 kite shield
 v - a +0 buckler (worn)
Jewellery
 i - a cursed amulet of inaccuracy (around neck)
Wands
 w - a wand of digging (4)
Scrolls
 e - 3 scrolls of identify
 l - a scroll of magic mapping {unknown}
 n - a scroll of random uselessness
 o - a scroll of blinking {unknown}
 r - a scroll of immolation {unknown}
 s - a scroll of fear {unknown}
 t - 2 scrolls of teleportation {unknown}
 u - a scroll of noise {unknown}
Potions
 d - a potion of might
 g - a potion of haste
 q - a potion of flight
Comestibles
 f - 9 rations


   Skills:
 + Level 6.6 Fighting
 + Level 5.5 Staves
 + Level 5.5 Armour
 - Level 5.3 Shields


You had 7 spell levels left.
You didn't know any spells.
Your spell library was empty.

Dungeon Overview and Level Annotations

Branches:
Dungeon (5/15)             Temple (0/1) D:4

Altars:
Fedhas
Hepliaklqana
Okawaru
Vehumet
Wu Jian
Xom


Innate Abilities, Weirdness & Mutations

You cannot be hasted, slowed, berserked, paralysed or teleported.
You can dig through walls and to a lower floor.
Your four strong arms can wield two-handed weapons with a shield.
You have a pair of large antennae on your head. (SInv)


Message History

You feel sick. x4
You feel less wooden.
Your +0 scale mail unmelds from your body.
There is a lethal amount of poison in your body!
There is a lethal amount of poison in your body!
There is a lethal amount of poison in your body!
There is a lethal amount of poison in your body!
* * * LOW HITPOINT WARNING * * *
You feel sick.
You see here a +0 giant club.
You see here 2 metallic inky potions.
Okay, then.
Unknown command.
g - 2 metallic inky potions
* * * LOW HITPOINT WARNING * * *
You feel sick.
It was a potion of haste.
Your stasis prevents you from being hasted.
There is a lethal amount of poison in your body!
You die...

#.# #....##.#
<.# ##.#.##.#
### #.#.##.# #
#.#.##.# ####
#.#.##.#####
....
#(#.##.....#
....
##......)##.##
####
.........†.....#
######...@.....#
#..........#
#..............
#........#.....
#
##........#####
# .....(..### ##
#.##....## .# ..
#.#### .#


There were no monsters in sight!

Vanquished Creatures
  Sigmund (D:5)
  A water moccasin (D:5)
  A phantom (D:4)
  An ice beast (D:5)
  An ogre (D:5)
  A centaur (D:5)
  A crimson imp (D:5)
  A hound (D:4)
  An orc wizard (D:4)
  A gnoll shaman (D:2)
  Terence (D:3)
  A worker ant (D:3)
  7 gnolls
  2 adders (D:2)
  An adder zombie (D:5)
  An adder skeleton (D:4)
  4 dart slugs
  4 leopard geckos
  8 orcs
  9 bats
  4 giant cockroaches
  12 goblins
  3 hobgoblins
  9 jackals (D:2)
  2 ball pythons
  4 frilled lizards
  11 kobolds
  12 rats
105 creatures vanquished.

Notes
Turn   | Place    | Note
-------+----------+-------------------------------------------
     0 | D:1      | Arum the Formicid Fighter began the quest for the Orb.
     0 | D:1      | Reached XP level 1. HP: 18/18 MP: 1/1
   110 | D:1      | Reached XP level 2. HP: 24/24 MP: 2/2
   734 | D:1      | Reached XP level 3. HP: 30/30 MP: 3/3
  1478 | D:2      | Reached skill level 4 in Fighting
  1478 | D:2      | Reached XP level 4. HP: 30/37 MP: 4/4
  1537 | D:2      | Reached XP level 5. HP: 36/42 MP: 5/5
  1737 | D:2      | Found a hazy altar of Hepliaklqana.
  1853 | D:2      | Found a radiant altar of Vehumet.
  1875 | D:2      | Found a blossoming altar of Fedhas.
  1876 | D:2      | Found a shimmering altar of Xom.
  1901 | D:2      | Reached skill level 5 in Shields
  2143 | D:2      | Found an iron altar of Okawaru.
  2152 | D:2      | Became a worshipper of Warmaster Okawaru
  2613 | D:3      | Reached XP level 6. HP: 24/49 MP: 6/6
  2888 | D:3      | Noticed Terence
  2907 | D:3      | Killed Terence
  3392 | D:3      | Found an ornate altar of the Wu Jian Council.
  3610 | D:4      | Found a hazy altar of Hepliaklqana.
  3691 | D:4      | Reached skill level 5 in Fighting
  4179 | D:4      | Found a staircase to the Ecumenical Temple.
  4249 | D:4      | Noticed a phantom
  4293 | D:4      | Killed a phantom
  4293 | D:4      | Reached * piety under Okawaru
  4293 | D:4      | Reached XP level 7. HP: 8/56 MP: 7/7
  5059 | D:5      | Entered Level 5 of the Dungeon
  5256 | D:5      | Noticed Sigmund
  5262 | D:5      | Killed Sigmund
  5262 | D:5      | Reached skill level 6 in Fighting
  5288 | D:5      | Reached skill level 5 in Staves
  5309 | D:5      | Reached ** piety under Okawaru
  5309 | D:5      | Reached skill level 5 in Armour
  5309 | D:5      | Reached XP level 8. HP: 56/64 MP: 8/8
  5509 | D:5      | HP: 4/97 [poisoned by a water moccasin]
  5515 | D:5      | HP: 1/65 [poisoned by a water moccasin]
  5521 | D:5      | Succumbed to a water moccasin's poison

Illustrated notes

Levels and vault maps discovered:
D:1:      lightli_arrival_statuegarden, layout_basic, serial_bayou_pond_b
D:2:      layout_basic, overflow_temple_1_default, lemuel_round_altar,
          grunt_temple_overflow_open
D:3:      layout_loops_ring, lemuel_coloured_pillars_altar, uniq_terence
D:4:      layout_basic, temple_doors_cd, kennysheep_another_room,
          lemuel_altar_in_water2
D:5:      layout_loops_ring, first_ration, uniq_sigmund

Skill      XL: |  1  2  3  4  5  6  7 |
---------------+----------------------+-----
Shields        | 4 5 |  5.3
Fighting       | 4 5 6 |  6.6
Staves         | 3 4 5 |  5.5
Armour         | 4 5 |  5.5

Action                   |  1- 3 |  4- 6 |  7- 9 || total
-------------------------+-------+-------+-------++-------
Melee: Quarterstaff      |   127 |   282 |   101 ||   510
Throw: Throwing net      |       |       |     1 ||     1
 Abil: Dig               |       |     1 |       ||     1
  Use: Potion            |       |     2 |     7 ||     9
       Scroll            |       |     2 |       ||     2
  Eat: Chunk             |     2 |     9 |     1 ||    12
       Ration            |       |       |     1 ||     1
Armor: Scale mail        |    72 |   117 |    21 ||   210
       Skin              |       |    18 |    10 ||    28
Dodge: Dodged            |    43 |   103 |    37 ||   183
Block: Kite shield       |    76 |   125 |       ||   201
       Buckler           |       |    16 |    30 ||    46
